 Dungeon Crawl Stone Soup version 0.26-a0-58-g79b31b8 (webtiles) character file.

Game seed: 6302564583967715713

180070 mathmaestro the Whirler (level 18, -8/121 HPs)
             Began as a Halfling Hunter on June 8, 2020.
             Was the Champion of Okawaru.
             Killed by the air
             ... invoked by a wind drake
              (31 damage)
             ... on level 3 of the Shoals.
             The game lasted 02:23:44 (39850 turns).

mathmaestro the Whirler (Halfling Hunter)          Turns: 39850, Time: 02:23:45

Health: -8/121     AC: 18    Str: 19    XL:     18   Next: 94%
Magic:  28/28      EV: 23    Int:  9    God:    Okawaru [******]
Gold:   135        SH: 15    Dex: 20    Spells: 23/30 levels left

rFire    + . .     SeeInvis .   O - +9 fustibalus (freeze)
rCold    + . .     Gourm    .   d - +2 kite shield {reflect}
rNeg     + . .     Faith    .   c - +4 scale mail {MR+}
rPois    +         Spirit   .   J - -2 hat of the Alchemist {rElec rPois rF+ rC+ rN+ MR+ rMut rCorr}
rElec    +         Reflect  +   H - scarf {+Inv}
rCorr    +         Harm     .   y - +0 pair of gloves {Dex+3}
rMut     +                      B - +1 pair of boots {Fly}
MR       +++..                  i - amulet of regeneration
Stlth    +++.......             F - +4 ring of protection
HPRegen  0.70/turn              S - +4 ring of evasion
MPRegen  0.21/turn

@: flying
A: small, mutation resistance 1
a: Heroism, Finesse, Renounce Religion, Evoke Invisibility, Stop Flying


You were on level 3 of the Shoals.
You worshipped Okawaru.
Okawaru was exalted by your worship.
You were not hungry.

You visited 5 branches of the dungeon, and saw 30 of its levels.
You visited 1 bazaar.

You collected 5842 gold pieces.
You spent 5707 gold pieces at shops.

Inventory:

Hand Weapons
 O - a +9 fustibalus of freezing (weapon)
 P - the +8 dagger "Efiorgh" {venom, +Inv rF++ MR+ Int-3}
   (You found it on level 14 of the Dungeon)

   It poisons the flesh of those it strikes.
   It affects your intelligence (-3).
   It greatly protects you from fire.
   It affects your resistance to hostile enchantments.
   It lets you turn invisible.
Missiles
 b - 229 stones (quivered)
 N - 3 throwing nets
Armour
 c - a +4 scale mail of magic resistance (worn)
 d - a +2 kite shield of reflection (worn)
 k - a +0 buckler
 y - a +0 pair of gloves of dexterity (worn)
 B - a +1 pair of boots of flying (worn)
 H - a scarf of invisibility (worn)
 J - the -2 hat of the Alchemist (worn) {rElec rPois rF+ rC+ rN+ MR+ rMut rCorr}
   (You found it on level 1 of the Spider Nest)

   It protects you from fire.
   It protects you from cold.
   It insulates you from electricity.
   It protects you from poison.
   It protects you from negative energy.
   It affects your resistance to hostile enchantments.
   It provides partial protection from all sources of acid and corrosion.
   It protects you from mutation.
 V - a +1 pair of boots of stealth
Jewellery
 i - an amulet of regeneration (around neck)
 F - a +4 ring of protection (left hand)
 S - a +4 ring of evasion (right hand)
Wands
 h - a wand of acid (3)
 t - a wand of digging (19)
 v - a wand of clouds (3)
 w - a wand of paralysis (24)
 A - a wand of disintegration (57)
 C - a wand of iceblast (28)
Scrolls
 e - 12 scrolls of teleportation
 g - 4 scrolls of magic mapping
 n - 3 scrolls of fear
 p - a scroll of blinking
 r - a scroll of holy word
 s - 8 scrolls of remove curse
 D - 3 scrolls of identify
 G - 5 scrolls of fog
 L - 2 scrolls of immolation
 T - a scroll of silence
Potions
 a - 3 potions of stabbing
 l - 6 potions of haste
 m - 9 potions of curing
 o - 4 potions of mutation
 q - a potion of magic
 u - 4 potions of cancellation
 E - a potion of ambrosia
 I - 3 potions of heal wounds
 R - 2 potions of invisibility
 U - 2 potions of might
Miscellaneous
 x - 3 phantom mirrors
 K - a box of beasts
 W - a phial of floods
 X - a lightning rod (4/4)
 Z - a tin of tremorstones (3/3)
Comestibles
 f - 48 rations


   Skills:
 - Level 10.2 Fighting
 - Level 10.0 Short Blades
 - Level 15.4 Slings
 - Level 10.4 Armour
 - Level 10.4 Dodging
 - Level 10.0 Stealth
 + Level 10.6 Shields
 + Level 6.9 Spellcasting
 - Level 7.0 Charms
 - Level 7.0 Summonings
 + Level 3.1 Necromancy
 - Level 7.0 Translocations
 - Level 7.0 Air Magic
 - Level 10.0 Invocations
 - Level 10.0 Evocations


You had 23 spell levels left.
You knew the following spells:

 Your Spells              Type           Power        Failure   Level  Hunger
a - Summon Butterflies    Summ           ###.....     8%          1    None
b - Blink                 Tloc           N/A          11%         2    ##.....
c - Swiftness             Chrm/Air       ###.....     11%         2    ##.....
d - Apportation           Tloc           ###...       8%          1    None
e - Animate Skeleton      Necr           N/A          34%         1    None

Your spell library contained the following spells:

 Spells                   Type           Power        Failure   Level  Hunger
 Summon Small Mammal      Summ           ###.         8%          1    None
 Call Imp                 Summ           ###.....     11%         2    ##.....
 Shroud of Golubria       Chrm/Tloc      ###...       11%         2    ##.....
 Call Canine Familiar     Summ           ###.....     22%         3    ###....
 Gell's Gravitas          Tloc           ###.......   22%         3    ###....
 Lesser Beckoning         Tloc           ###.......   22%         3    ###....
 Recall                   Summ/Tloc      N/A          22%         3    ###....
 Teleport Other           Tloc           ###.....     22%         3    ###....
 Shock                    Conj/Air       #...         30%         1    None
 Poisonous Vapours        Pois/Air       #.....       43%         2    ##.....
 Airstrike                Air            ###.......   58%         4    ####...
 Passage of Golubria      Tloc           N/A          58%         4    ####...
 Summon Lightning Spire   Summ/Air       ###.....     58%         4    ####...
 Ozocubu's Armour         Chrm/Ice       #.......     67%         3    ###....
 Portal Projectile        Hex/Tloc       #.....       67%         3    ###....
 Static Discharge         Conj/Air       #.......     67%         3    ###....
 Summon Guardian Golem    Hex/Summ       #.......     67%         3    ###....
 Beastly Appendage        Tmut           #.....       78%         1    None
 Corona                   Hex            #......      78%         1    None
 Foxfire                  Conj/Fire      #...         78%         1    None
 Freeze                   Ice            #...         78%         1    None
 Magic Dart               Conj           #...         78%         1    None
 Sting                    Tmut/Pois      #...         78%         1    None
 Mephitic Cloud           Conj/Pois/Air  #.......     83%         3    ###....
 Searing Ray              Conj           #.....       89%         2    ##.....
 Slow                     Hex            #.......     89%         2    ##.....
 Sticks to Snakes         Tmut           #.......     89%         2    ##.....
 Aura of Abjuration       Summ           ###.......   90%         5    ######.
 Summon Demon             Summ           ###.......   90%         5    ######.
 Summon Forest            Summ/Tloc      ###.......   90%         5    ######.
 Iskenderun's Mystic Bla  Conj/Tloc      #.......     97%         4    ####...
 Summon Ice Beast         Ice/Summ       #.......     97%         4    ####...
 Conjure Flame            Conj/Fire      #.......     98%         3    ###....
 Dazzling Flash           Conj/Hex       #.....       98%         3    ###....
 Frozen Ramparts          Ice            #.....       98%         3    ###....
 Ignite Poison            Fire/Tmut/Pois #.......     98%         3    ###....
 Inner Flame              Hex/Fire       #.......     98%         3    ###....
 Spider Form              Tmut/Pois      #.........   98%         3    ###....
 Cause Fear               Hex            #.........   100%        4    ####...
 Fulminant Prism          Conj/Hex       #.........   100%        4    ####...
 Hailstorm                Conj/Ice       #.......     100%        4    ####...
 Ice Form                 Ice/Tmut       #.......     100%        4    ####...
 Leda's Liquefaction      Hex/Erth       #.........   100%        4    ####...
 Olgreb's Toxic Radiance  Pois           #.......     100%        4    ####...
 Sticky Flame             Conj/Fire      #.......     100%        4    ####...
 Blade Hands              Tmut           #.........   100%        5    ######.
 Bolt of Magma            Conj/Fire/Erth #.........   100%        5    ######.
 Fireball                 Conj/Fire      #.........   100%        5    ######.
 Iskenderun's Battlesphe  Conj/Chrm      #.......     100%        5    ######.
 Lightning Bolt           Conj/Air       #.........   100%        5    ######.
 Metabolic Englaciation   Hex/Ice        #.........   100%        5    ######.
 Summon Mana Viper        Hex/Summ       #.......     100%        5    ######.
 Freezing Cloud           Conj/Ice/Air   #.........   100%        6    #######
 Iron Shot                Conj/Erth      #.........   100%        6    #######
 Ozocubu's Refrigeration  Ice            #.........   100%        6    #######
 Shadow Creatures         Summ           N/A          100%        6    #######
 Simulacrum               Ice/Necr       #.........   100%        6    #######
 Haunt                    Necr/Summ      ##........   100%        7    #######
 Orb of Destruction       Conj           #.........   100%        7    #######
 Ring of Flames           Chrm/Fire      #.........   100%        7    #######
 Spellforged Servitor     Conj/Summ      #.........   100%        7    #######
 Summon Hydra             Summ           ###.......   100%        7    #######
 Borgnjor's Revivificati  Necr           #.........   100%        8    #######
 Death's Door             Chrm/Necr      ##........   100%        8    #######
 Infestation              Necr           #.........   100%        8    #######
 Necromutation            Tmut/Necr      #.........   100%        8    #######


Dungeon Overview and Level Annotations

Branches:
Dungeon (15/15)            Temple (0/1) D:4            Lair (6/6) D:8
 Shoals (3/4) Lair:3       Spider (4/4) Lair:2        Slime (0/5) Lair:5
    Orc (2/2) D:10            Elf (0/3) Orc:2        Vaults (0/5) D:14
 Depths (0/5) D:15

Altars:
Cheibriados
Fedhas
Hepliaklqana
Kikubaaqudgha
Makhleb
Okawaru
Ru
Trog
Xom
Beogh
Jiyva

Shops:
D:4 }   D:7 (   D:12 [   D:15 [   Orc:2 :(*[

Annotations:
D:4 2 runed translucent doors
Shoals:3 Polyphemus


Innate Abilities, Weirdness & Mutations

You are small and have problems with some larger weapons.
You are somewhat resistant to further mutation.


Message History

Press: ? - help, Shift-Dir - straight line, f/p - wind drake
Aim: a wind drake (water, moderately wounded, repelling missiles)
You shoot a stone. The stone is repelled.
You hear a splash.
The wind drake flaps its wings at you.
The air twists around and violently strikes you in flight!
Firing (i - inventory. (/) - cycle)
b - 230 stones (quivered)
Press: ? - help, Shift-Dir - straight line, f/p - wind drake
Aim: a wind drake (water, moderately wounded, repelling missiles)
You shoot a stone. The stone is repelled.
You hear a splash.
The wind drake flaps its wings at you.
The air twists around and violently strikes you in flight!!
The wind drake flaps its wings at you.
The air twists around and violently strikes you in flight!!
* * * LOW HITPOINT WARNING * * *
You feel better. The wind drake flaps its wings at you.
The air twists around and violently strikes you in flight!!
You die...

≈≈≈≈≈≈≈≈≈≈≈≈≈≈≈≈≈≈≈≈≈...
#≈≈≈≈≈≈≈≈≈≈≈≈≈≈≈≈≈≈≈≈..≈
#≈≈≈≈≈≈≈≈≈≈≈≈≈≈≈≈≈≈≈≈...
#≈≈≈≈≈≈≈≈≈≈≈≈≈≈≈≈≈≈≈(...
#≈≈≈≈≈≈≈≈≈≈≈≈≈≈≈≈≈≈≈≈..t
#≈≈≈≈≈≈≈≈≈≈≈≈≈≈≈≈.<≈≈≈≈.
#≈≈≈≈≈≈≈...≈≈≈≈.........
#≈≈≈k≈≈≈.#.≈≈≈..###....#
#≈≈≈≈≈≈@...≈≈≈.** *#..##
#≈≈≈≈≈≈≈≈≈≈≈≈≈.,****..#*
#≈≈≈≈≈≈≈≈≈≈≈≈≈≈,,*,,...,
#≈≈≈≈≈≈≈≈≈≈≈≈..,,,,,,...
#≈≈≈≈≈≈≈≈≈≈≈≈.#*,,,,≈≈≈≈
#≈≈≈≈≈≈≈≈≈≈≈≈.#,≈≈≈≈≈≈≈≈
#≈≈≈≈≈≈≈≈≈≈≈≈≈≈≈≈≈≈≈≈≈≈≈
#≈≈≈≈≈≈≈≈≈≈≈≈≈≈≈≈≈≈≈≈≈≈≈
#≈≈≈≈≈≈≈≈≈≈≈≈≈≈≈≈≈≈≈≈≈≈≈


You could see a wind drake (repels missiles).

Vanquished Creatures
  Arachne (Spider:2)
  Rupert (Lair:4)
  Jorgrun (D:12)
  Kirke (D:13)
  Ilsuiw (Shoals:3)
  The ghost of geokre the Peltast, a journeyman DrFE of Vehumet (Lair:2)
  2 emperor scorpions
  A frost giant (Shoals:3)
  3 orc warlords
  A ghost moth (Lair:2)
  3 entropy weavers
  Azrael (D:13)
  A spark wasp (Spider:4)
  A merfolk javelineer (Shoals:3)
  2 merfolk impalers
  Josephine (D:11)
  Harold (D:7)
  The ghost of Jutuel the Basher, a journeyman GrFi of the Shining One (D:12)
  A rakshasa (D:15)
  A vault guard (D:14)
  9 hydras
  An ice dragon (D:15)
  A merfolk avatar (Shoals:1)
  4 catoblepae
  4 centaur warriors
  An alligator snapping turtle (Shoals:1)
  2 two-headed ogres (D:14)
  The ghost of Rosot the Fighter, a journeyman GrFi of Okawaru (D:10)
  9 death yaks
  A vampire mage (D:15)
  2 orc high priests (Orc:2)
  Urug (D:12)
  Sonja (Lair:5)
  A skeletal warrior (D:14)
  2 unseen horrors (D:13)
  6 sea snakes
  Pikel (D:6)
  A sphinx zombie (D:15)
  8 orc knights
  17 wolf spiders
  A necromancer (D:15)
  2 orc sorcerers (Orc:2)
  3 deep elf magi
  An oklob plant (Lair:4)
  10 cyclopes
  10 manticores
  12 orb spiders
  7 fauns
  The ghost of poiuyt0418 the Tainter, a novice DrVM (D:6)
  A stone giant zombie (D:15)
  20 ugly things
  2 moths of wrath
  8 elephants
  A frost giant skeleton (D:15)
  9 merfolk sirens
  Maurice (D:13)
  A water nymph (Shoals:2)
  5 black mambas
  11 spiny frogs
  2 gargoyles
  Maggie (D:8)
  8 komodo dragons
  2 kobold demonologists (D:10)
  A spriggan zombie (D:15)
  2 rime drakes (Lair:6)
  A redback zombie (D:15)
  A harpy zombie (D:15)
  15 demonic crawlers
  A guardian mummy (D:15)
  26 jumping spiders
  A queen bee (D:8)
  A tengu conjurer (D:13)
  8 merfolk
  A wind drake (shapeshifter) (D:14)
  2 wind drakes (Shoals:2)
  2 hornets
  A polar bear (Lair:4)
  5 snapping turtles
  11 trolls
  4 slime creatures (D:12)
  8 hippogriffs
  4 dream sheep (Lair:4)
  16 blink frogs
  A meliai zombie (D:14)
  Sigmund (D:3)
  2 shadows
  41 redbacks
  5 wraiths
  3 water elementals
  A vampire (D:14)
  4 basilisks
  19 tarantellas
  2 wyverns
  58 yaks
  4 fire elementals (D:13)
  5 hogs (D:13)
  3 hungry ghosts
  A steam dragon (D:8)
  3 vampire mosquitoes (D:14)
  A warg (shapeshifter) (D:12)
  8 wargs
  A two-headed ogre zombie (D:10)
  3 hell hounds (D:13)
  A slave (D:6)
  18 water moccasins
  12 porcupines
  6 sky beasts
  50 orc warriors
  2 phantoms
  A black bear (D:9)
  3 ice beasts
  2 necrophages
  12 ogres
  17 centaurs
  2 eyes of draining
  3 boggarts (D:15)
  6 wolves
  13 big kobolds
  15 crocodiles
  21 bullfrogs
  5 scorpions
  A troll zombie (D:10)
  A water moccasin skeleton (D:7)
  22 killer bees
  3 wights (D:9)
  4 howler monkeys
  5 centaur zombies
  9 crimson imps
  4 quasits
  A bullfrog zombie (D:8)
  2 jellies
  29 orc priests
  7 hounds
  5 bullfrog skeletons
  6 centaur skeletons
  Terence (D:2)
  5 iguanas
  29 orc wizards
  9 worker ants
  6 ogre zombies (D:10)
  A hound zombie (D:6)
  2 worker ant zombies
  12 adders
  3 shadow imps
  An ooze (D:1)
  An adder zombie (D:7)
  An adder skeleton (D:8)
  2 worms (D:4)
  3 dart slugs
  6 leopard geckos
  103 orcs
  8 bats
  4 giant cockroaches
  6 goblins
  5 hobgoblins
  2 jackals (D:1)
  4 quokkas
  2 ball pythons
  4 frilled lizards
  2 goblin skeletons (D:10)
  3 goblin zombies (D:10)
  2 hobgoblin skeletons (D:10)
  2 hobgoblin zombies (D:10)
  16 kobolds
  3 orc skeletons (D:10)
  13 orc zombies (D:10)
  6 rats
  A plant (Lair:4)
1051 creatures vanquished.

Vanquished Creatures (collateral kills)
  Bai Suzhen (Shoals:2)
  An orc warlord (Orc:2)
  A warg (Orc:2)
  2 orc warriors
  An orc wizard (Orc:2)
  2 orcs (Orc:2)
8 creatures vanquished.

Vanquished Creatures (others)
  A naga warrior (D:12)
  An ugly thing (D:13)
  An orc warrior (Orc:1)
  A vampire (D:12)
  3 slaves (D:7)
  A goblin (D:3)
  3 fungi
  55 plants
66 creatures vanquished.

Grand Total: 1125 creatures vanquished

Notes
Turn   | Place    | Note
-------+----------+-------------------------------------------
     0 | D:1      | mathmaestro the Halfling Hunter began the quest for the
                  | Orb.
     0 | D:1      | Reached XP level 1. HP: 14/14 MP: 1/1
   200 | D:1      | Reached XP level 2. HP: 16/19 MP: 2/2
   238 | D:1      | Reached skill level 6 in Slings
   238 | D:1      | Reached skill level 1 in Shields
   419 | D:1      | Reached XP level 3. HP: 24/24 MP: 3/3
   738 | D:2      | Reached skill level 1 in Armour
   824 | D:2      | Reached XP level 4. HP: 19/29 MP: 4/4
   874 | D:2      | Noticed Terence
   895 | D:2      | Killed Terence
   972 | D:2      | Found an iron altar of Okawaru.
   985 | D:2      | Became a worshipper of Warmaster Okawaru
  1163 | D:2      | Reached XP level 5. HP: 28/34 MP: 5/5
  1615 | D:3      | Reached skill level 1 in Invocations
  1615 | D:3      | Reached XP level 6. HP: 35/40 MP: 6/6
  1853 | D:3      | Noticed Sigmund
  1874 | D:3      | Killed Sigmund
  1874 | D:3      | Reached XP level 7. HP: 41/45 MP: 6/8
  1927 | D:3      | Reached * piety under Okawaru
  2441 | D:4      | Found a large runed translucent door.
  2442 | D:4      | Found a large runed translucent door.
  2443 | D:4      | Noticed a yak
  2444 | D:4      | Found a large runed translucent door.
  2444 | D:4      | Found a large runed translucent door.
  2639 | D:4      | Found a staircase to the Ecumenical Temple.
  2770 | D:4      | Found Woeriv's Gadget Shoppe.
  2776 | D:4      | Reached skill level 7 in Slings
  2960 | D:4      | Reached XP level 8. HP: 51/51 MP: 9/9
  3113 | D:4      | Reached ** piety under Okawaru
  3117 | D:4      | Killed a yak
  3117 | D:4      | Reached skill level 5 in Shields
  3138 | D:4      | Identified the +10 spear of Division {flame, rF- rC- rN++
                  | Int+8} (You found it on level 4 of the Dungeon)
  3152 | D:5      | Entered Level 5 of the Dungeon
  3779 | D:5      | Got a jacinth-encrusted chain mail
  4400 | D:6      | Found a runed translucent door.
  4408 | D:6      | Reached XP level 9. HP: 57/57 MP: 11/11
  4438 | D:6      | Reached *** piety under Okawaru
  4538 | D:6      | Reached skill level 8 in Slings
  4547 | D:6      | Identified the cursed +0 chain mail of the Sun {rN+++
                  | Slay-5} (You found it on level 5 of the Dungeon)
  4574 | D:6      | Noticed poiuyt0418's ghost (novice DrVM)
  4784 | D:6      | Reached skill level 5 in Dodging
  4794 | D:6      | Reached skill level 5 in Stealth
  4907 | D:7      | Noticed a komodo dragon
  4998 | D:7      | Found an ancient bone altar of Kikubaaqudgha.
  5183 | D:7      | Noticed Pikel
  5230 | D:6      | Killed Pikel
  5230 | D:6      | Reached skill level 9 in Slings
  5230 | D:6      | Reached skill level 5 in Armour
  5262 | D:7      | Reached **** piety under Okawaru
  5319 | D:7      | Reached skill level 5 in Invocations
  5368 | D:6      | Reached skill level 5 in Fighting
  5455 | D:6      | Reached XP level 10. HP: 66/66 MP: 13/13
  5623 | D:6      | Reached skill level 10 in Slings
  5782 | D:7      | Found Inonwock's Weapon Shop.
  5787 | D:7      | Bought the cursed +2 hunting sling of Dyqowneo {freeze,
                  | Int+4} for 276 gold pieces
  5816 | D:7      | Killed a komodo dragon
  6103 | D:7      | Noticed Harold
  6124 | D:7      | Killed Harold
  6124 | D:7      | Reached ***** piety under Okawaru
  6124 | D:7      | Reached skill level 11 in Slings
  6191 | D:8      | Found a blossoming altar of Fedhas.
  6322 | D:8      | Found a sacrificial altar of Ru.
  6348 | D:8      | Received a gift from Okawaru
  6506 | D:8      | Reached skill level 12 in Slings
  6891 | D:8      | Reached XP level 11. HP: 71/71 MP: 17/17
  7044 | D:8      | Found a staircase to the Lair.
  7187 | D:8      | Reached skill level 10 in Invocations
  7269 | D:8      | Noticed Maggie
  7280 | D:8      | Killed Maggie
  7447 | D:8      | Found a bloodstained altar of Trog.
  7485 | Lair:1   | Entered Level 1 of the Lair of Beasts
  7533 | Lair:1   | Reached skill level 1 in Evocations
  7710 | Lair:1   | Received a gift from Okawaru
  7870 | Lair:1   | Received a gift from Okawaru
  8518 | Lair:2   | Got a steaming hunting sling
  8675 | Lair:2   | Found a runed translucent door.
  8676 | Lair:2   | Noticed geokre's ghost (journeyman DrFE)
  8680 | Lair:2   | Identified the +2 hunting sling of Exquisite Torment
                  | {venom, rC+} (You found it on level 2 of the Lair of
                  | Beasts)
  8723 | Lair:2   | Found a hole to the Spider Nest.
  8887 | Lair:2   | Received a gift from Okawaru
  9006 | Lair:2   | Reached ****** piety under Okawaru
  9006 | Lair:2   | Reached XP level 12. HP: 79/79 MP: 19/19
  9355 | Lair:3   | Reached skill level 13 in Slings
  9422 | Lair:3   | Found a staircase to the Shoals.
  9668 | Lair:3   | HP: 4/80 [poisoned by a black mamba]
  9673 | Lair:3   | HP: 2/80 [poisoned by a black mamba]
  9678 | Lair:3   | HP: 1/80 [poisoned by a black mamba]
  9684 | Lair:3   | HP: 2/80 [poisoned by a black mamba]
  9690 | Lair:3   | HP: 4/80 [poisoned by a black mamba]
  9836 | Lair:3   | Received a gift from Okawaru
  9837 | Lair:3   | Got a pair of smoking boots {god gift}
  9844 | Lair:3   | Identified the +2 pair of boots of the Crypt {-Tele rPois
                  | rCorr Str-5} (Okawaru gifted it to you on level 3 of the
                  | Lair of Beasts)
 10990 | Lair:4   | Noticed Rupert
 11465 | Lair:4   | Reached skill level 5 in Evocations
 11548 | Lair:4   | Noticed a catoblepas
 11589 | Lair:4   | Killed a catoblepas
 11631 | Lair:4   | Noticed a death yak
 11679 | Lair:4   | Killed a death yak
 11679 | Lair:4   | Received a gift from Okawaru
 11679 | Lair:4   | Reached XP level 13. HP: 28/86 MP: 17/20
 11927 | Lair:4   | Reached skill level 14 in Slings
 12466 | Lair:4   | Killed Rupert
 12789 | Lair:5   | Received a gift from Okawaru
 12954 | Lair:5   | Found a viscous altar of Jiyva.
 12955 | Lair:5   | Found a staircase to the Slime Pits.
 13087 | Lair:5   | Noticed Sonja
 13098 | Lair:5   | Killed Sonja
 13173 | Lair:5   | Received a gift from Okawaru
 13941 | Lair:6   | Entered Level 6 of the Lair of Beasts
 14071 | Lair:6   | Received a gift from Okawaru
 14255 | Lair:6   | Noticed a seven-headed hydra
 14261 | Lair:6   | Killed a seven-headed hydra
 14261 | Lair:6   | Received a gift from Okawaru
 14299 | Lair:6   | Reached XP level 14. HP: 94/94 MP: 21/21
 14334 | Lair:6   | Received a gift from Okawaru
 14341 | Lair:6   | Got a jewelled cloak {god gift}
 14450 | Lair:6   | Identified the +2 cloak of the Moon {Slay+2} (Okawaru
                  | gifted it to you on level 6 of the Lair of Beasts)
 14517 | Lair:6   | Found a snail-covered altar of Cheibriados.
 14660 | Lair:6   | Reached skill level 10 in Stealth
 14681 | Lair:6   | Reached skill level 15 in Slings
 15293 | Lair:6   | Reached skill level 10 in Dodging
 15431 | Lair:6   | Reached skill level 10 in Armour
 15818 | Lair:6   | Received a gift from Okawaru
 16735 | D:9      | Found a burning altar of Makhleb.
 16964 | D:9      | Identified a scroll of acquirement
 17094 | D:7      | Bought 27 sling bullets for 148 gold pieces
 17181 | D:4      | Bought a wand of clouds (5) for 378 gold pieces
 17413 | D:8      | Found a hazy altar of Hepliaklqana.
 17629 | D:10     | Entered Level 10 of the Dungeon
 17748 | D:10     | Found a staircase to the Orcish Mines.
 17760 | D:10     | Received a gift from Okawaru
 18027 | D:10     | Found a runed translucent gate.
 18027 | D:10     | Found a runed translucent gate.
 18028 | D:10     | Found a runed translucent gate.
 18028 | D:10     | Noticed Rosot's ghost (journeyman GrFi)
 18029 | D:10     | Identified the +5 whip of the Slime-mould {venom, rF+}
 18477 | Orc:1    | Entered Level 1 of the Orcish Mines
 18479 | Orc:1    | Received a gift from Okawaru
 18516 | Orc:1    | Found a roughly hewn altar of Beogh.
 18685 | Orc:2    | Entered Level 2 of the Orcish Mines
 18992 | Orc:2    | Received a gift from Okawaru
 18992 | Orc:2    | Reached skill level 10 in Fighting
 18992 | Orc:2    | Reached XP level 15. HP: 103/103 MP: 19/22
 18992 | Orc:2    | Noticed an orc warlord
 19036 | Orc:2    | Killed an orc warlord
 19107 | Orc:2    | Found Dygaulilaz's General Store.
 19118 | Orc:2    | Reached skill level 10 in Evocations
 19139 | Orc:2    | Bought a potion of invisibility for 120 gold pieces
 19139 | Orc:2    | Bought a scroll of fear for 52 gold pieces
 19139 | Orc:2    | Bought a scroll of identify for 30 gold pieces
 19139 | Orc:2    | Bought a potion of curing for 45 gold pieces
 19139 | Orc:2    | Bought a scroll of silence for 112 gold pieces
 19139 | Orc:2    | Bought a scroll of enchant weapon for 112 gold pieces
 19175 | Orc:2    | Received a gift from Okawaru
 19180 | Orc:2    | Found Xomipseu's Antique Armour Shop.
 19193 | Orc:2    | Got a buzzing cloak {god gift}
 19216 | Orc:2    | Reached skill level 1 in Short Blades
 19226 | Orc:2    | Bought a pair of glowing boots for 210 gold pieces
 19226 | Orc:2    | Bought a pitted scale mail for 252 gold pieces
 19235 | Orc:1    | Noticed an orc warlord
 19294 | Orc:2    | Identified the +0 cloak of Unkaf {Int+4} (Okawaru gifted it
                  | to you on level 2 of the Orcish Mines)
 19320 | Orc:2    | Identified the cursed +1 scale mail of Hide-and-Seek {rCorr
                  | Int+4} (You bought it in a shop on level 2 of the Orcish
                  | Mines)
 19632 | Orc:2    | Noticed an orc warlord
 19651 | Orc:2    | Killed an orc warlord
 19675 | Orc:2    | Noticed an orc warlord
 19690 | Orc:2    | Killed an orc warlord
 20252 | Orc:2    | Found Dosoptaa's Antique Weapon Boutique.
 20353 | Orc:2    | Found Yguscheme's Book Shop.
 20364 | Orc:2    | Found a staircase to the Elven Halls.
 20484 | Orc:2    | Bought a book of Beasts for 770 gold pieces
 20486 | Orc:2    | Learned a level 1 spell: Summon Butterflies
 20486 | Orc:2    | Bought a book of Spatial Translocations for 910 gold pieces
 20489 | Orc:2    | Learned a level 2 spell: Blink
 20489 | Orc:2    | Bought a book of Air for 490 gold pieces
 20492 | Orc:2    | Learned a level 2 spell: Swiftness
 20633 | Orc:1    | Killed an orc warlord
 20638 | Orc:1    | Reached skill level 1 in Translocations
 20987 | D:11     | Reached skill level 1 in Charms
 21054 | D:11     | Reached skill level 1 in Air Magic
 21100 | D:11     | Reached skill level 1 in Summonings
 21187 | D:11     | Reached skill level 1 in Spellcasting
 21741 | D:11     | Noticed Josephine
 21747 | D:11     | Killed Josephine
 22104 | D:12     | Found a burning altar of Makhleb.
 22349 | D:12     | Found Wecs's Antique Armour Boutique.
 22360 | D:12     | Bought a blackened leather armour for 266 gold pieces
 22370 | D:12     | Identified the +1 leather armour of the Dwarven Hall {rElec
                  | rC+ Str+3 Int-2} (You bought it in a shop on level 12 of
                  | the Dungeon)
 22433 | D:12     | Found a runed translucent gate.
 22433 | D:12     | Found a runed translucent gate.
 22433 | D:12     | Found a runed translucent gate.
 22433 | D:12     | Noticed Jutuel's ghost (journeyman GrFi)
 23017 | D:12     | Found an iron altar of Okawaru.
 23068 | D:13     | Noticed Urug
 23068 | D:13     | Noticed Jorgrun
 23077 | D:12     | Killed Urug
 23081 | D:12     | Received a gift from Okawaru
 23174 | D:12     | Killed Jorgrun
 23767 | D:13     | Received a gift from Okawaru
 23814 | D:13     | Reached XP level 16. HP: 105/109 MP: 23/23
 23847 | D:13     | Received a gift from Okawaru
 23848 | D:13     | Got a shimmering quick blade {god gift}
 23849 | D:13     | Identified the +1 quick blade "Abiunw Neeke" {venom, rF+
                  | rC+ Dex+5} (Okawaru gifted it to you on level 13 of the
                  | Dungeon)
 23937 | D:13     | Noticed Azrael
 23945 | D:13     | Reached skill level 5 in Short Blades
 23951 | D:13     | Noticed Maurice
 23957 | D:13     | Killed Azrael
 24045 | D:13     | Killed Maurice
 24272 | D:13     | Noticed Kirke
 24286 | D:13     | Noticed a sphinx
 24318 | D:13     | Killed Kirke
 24673 | D:14     | Found a shimmering altar of Xom.
 24673 | D:14     | Found a shimmering altar of Xom.
 24673 | D:14     | Found a shimmering altar of Xom.
 24674 | D:14     | Found a shimmering altar of Xom.
 24675 | D:14     | Found a shimmering altar of Xom.
 24675 | D:14     | Found a shimmering altar of Xom.
 24732 | D:14     | Paralysed by a floating eye for 3 turns
 24764 | D:14     | Received a gift from Okawaru
 24765 | D:14     | Found the +18 shield of the Gong {rElec rN+ MR+ EV-5}
 24890 | D:14     | Found a gate to the Vaults.
 24895 | D:14     | Got an encrusted dagger
 25528 | D:14     | Reached skill level 5 in Charms
 25613 | D:14     | Reached skill level 5 in Translocations
 25650 | D:14     | Found a shimmering altar of Xom.
 25670 | D:14     | Found a shimmering altar of Xom.
 25748 | D:14     | Identified the +8 dagger "Efiorgh" {venom, +Inv rF++ MR+
                  | Int-3} (You found it on level 14 of the Dungeon)
 26249 | D:10     | Killed Rosot's ghost
 26407 | D:12     | Killed Jutuel's ghost
 26552 | D:15     | Entered Level 15 of the Dungeon
 26595 | D:14     | Reached skill level 5 in Air Magic
 27381 | D:15     | Received a gift from Okawaru
 27580 | D:15     | Reached XP level 17. HP: 115/115 MP: 24/24
 27722 | D:15     | Noticed a storm dragon
 27732 | D:15     | a storm dragon changed into an emperor scorpion
 27987 | D:15     | Found a snail-covered altar of Cheibriados.
 28233 | D:15     | Found a staircase to the Depths.
 28360 | D:15     | Reached skill level 5 in Summonings
 28501 | D:15     | Found Cheibriados's Comfort Zone.
 29596 | Spider:1 | Entered Level 1 of the Spider Nest
 29970 | Spider:1 | Received a gift from Okawaru
 30103 | Spider:1 | Found the -2 hat of the Alchemist {rElec rPois rF+ rC+ rN+
                  | MR+ rMut rCorr}
 30882 | Lair:2   | Killed geokre's ghost
 30882 | Lair:2   | Reached skill level 5 in Spellcasting
 31064 | Lair:4   | Got a translucent chain mail
 31102 | Lair:4   | Identified the +2 chain mail "Gunig" {rElec} (You found it
                  | on level 4 of the Lair of Beasts)
 31366 | D:6      | Killed poiuyt0418's ghost
 31391 | D:6      | Got a fine dagger
 32026 | Spider:2 | Identified the +7 dagger "Gedea" {flame, rN+ Str+4} (You
                  | found it on level 6 of the Dungeon)
 32113 | Spider:2 | Noticed Arachne
 32146 | Spider:2 | Killed Arachne
 33951 | Spider:3 | Reached XP level 18. HP: 98/121 MP: 26/26
 34289 | Spider:3 | Identified the +1 cloak of Naxtoull {+Fly} (You found it on
                  | level 3 of the Spider Nest)
 34541 | Spider:4 | Entered Level 4 of the Spider Nest
 35089 | Spider:4 | Received a gift from Okawaru
 35514 | Spider:3 | HP: 5/121 [entropy weaver (13)]
 36288 | Shoals:1 | Entered Level 1 of the Shoals
 37409 | Shoals:2 | Reached skill level 10 in Short Blades
 37599 | Shoals:2 | Learned a level 1 spell: Apportation
 37601 | Shoals:2 | Learned a level 1 spell: Animate Skeleton
 38241 | Shoals:2 | Reached skill level 1 in Necromancy
 38470 | Shoals:3 | Noticed Polyphemus
 38519 | Shoals:3 | Noticed Ilsuiw
 38528 | Shoals:3 | Found a flickering gateway to a bazaar.
 38540 | Bazaar   | Entered a bazaar
 38540 | Bazaar   | Found Ogoedozi's General Store.
 38540 | Bazaar   | Found Hyto Putt's Jewellery Shoppe.
 38540 | Bazaar   | Found Wutyf's Antique Armour Shop.
 38540 | Bazaar   | Found Erehen's Distillery.
 38542 | Bazaar   | Found Manloh's Assorted Antiques.
 38598 | Bazaar   | Bought a scroll of enchant armour for 75 gold pieces
 38598 | Bazaar   | Bought a scroll of holy word for 75 gold pieces
 38604 | Bazaar   | Bought a scroll of identify for 30 gold pieces
 38614 | Bazaar   | Bought a potion of heal wounds for 60 gold pieces
 38614 | Bazaar   | Bought a potion of ambrosia for 96 gold pieces
 38617 | Bazaar   | Bought a +4 ring of protection for 468 gold pieces
 38617 | Bazaar   | Bought a +4 ring of evasion for 468 gold pieces
 38625 | Bazaar   | Bought a potion of curing for 36 gold pieces
 38625 | Bazaar   | Bought a potion of curing for 36 gold pieces
 38663 | Bazaar   | Bought a potion of cancellation for 96 gold pieces
 38663 | Bazaar   | Bought a potion of cancellation for 96 gold pieces
 38686 | Shoals:3 | Killed Ilsuiw
 38686 | Shoals:3 | Reached skill level 10 in Shields
 39066 | Shoals:3 | Received a gift from Okawaru
 39067 | Shoals:3 | Got a slimy spear {god gift}
 39068 | Shoals:3 | Identified the +0 spear of Hubris {flame, *Rage MR+ Str+2}
                  | (Okawaru gifted it to you on level 3 of the Shoals)
 39340 | Shoals:3 | Noticed Bai Suzhen
 39495 | Shoals:2 | HP: 5/121 [Bai Suzhen/torrent of water (34)]
 39499 | Shoals:2 | Killed Bai Suzhen
 39850 | Shoals:3 | Killed from afar by a wind drake

Illustrated notes

Levels and vault maps discovered:
D:1:      ncdulo_lavacross, layout_loops_ring
D:2:      layout_loops_ring, okawaru_metal_pillars_3, kennysheep_generic_room_7,
          uniq_terence
D:3:      layout_basic, first_ration, minmay_misc_feat_diagonals,
          lemuel_flame_loot_1, uniq_sigmund
D:4:      layout_basic, minmay_temple_entry_glassed_door, serial_shops,
          nicolae_shop_waterfront, minmay_hollow_rounded_squares
D:5:      layout_basic
D:6:      layout_cave_pods, ebering_ghost_inner_flame, abandoned_shop
D:7:      layout_cave_pools, lemuel_crystal_altar, serial_shops,
          kennysheep_little_box, uniq_harold, uniq_pikel
D:8:      layout_basic, nicolae_overflow_hidden_temple,
          erik_lair_orcish_takeover, david_nohive_1, uniq_maggie
D:9:      layout_grid_maze, basic_altar, minivault_5
D:10:     layout_roguey, zombieorc2_lemuel, gammafunk_ghost_nasty_kobolds,
          minmay_quadrilaterals
D:11:     layout_roguey [special_room_orc], hangedman_decor_push, uniq_josephine
D:12:     layout_loops_cross, serial_shops, shop,
          gammafunk_ghost_fury_of_okawaru, basic_altar
D:13:     layout_rooms, uniq_azrael, uniq_urug, uniq_maurice, uniq_jorgrun,
          uniq_kirke
D:14:     layout_roguey, david_vaults_5, xom_redecorated,
          kennysheep_generic_room_6
D:15:     gammafunk_depths_entry_grave, layout_loops_ring,
          minmay_misc_feat_enclosed, minmay_shop_chei, hangedman_decor_points
Lair:1:   layout_chaotic_city, small_statue_intersection, grunt_megastairs_1,
          lemuel_fruit_tree
Lair:2:   layout_chaotic_city, spider_nest_entry_webs, gammafunk_ghost_grave
Lair:3:   layout_cave_pods, elwin_shoals_entry_rocks, beast_lair_carwin_10
Lair:4:   layout_cave_pods, minmay_lair_oklob_items, nicolae_lair_yak_garden,
          serial_bayou_shore_b, uniq_rupert
Lair:5:   layout_layer_cave, slime_altar_1, uniq_sonja
Lair:6:   evilmike_catoblepas_cave, layout_hall_layers, basic_altar
Shoals:1: layout_shoals
Shoals:2: layout_shoals
Shoals:3: layout_shoals, serial_shops, bzr_entry_safe, st_shoals_ruin,
          uniq_polyphemus, uniq_ilsuiw, uniq_bai_suzhen
Spider:1: layout_spider_delve
Spider:2: layout_spider_delve, uniq_arachne
Spider:3: layout_chambers
Spider:4: floodkiller_spider_rune_tomb
Orc:1:    layout_caves, basic_altar
Orc:2:    grunt_orc_gardens, layout_diamond_mine, grunt_orc_garden,
          grunt_orc_garden, grunt_orc_garden, grunt_orc_garden,
          minmay_orc_treasury

Skill      XL: |  1  2  3  4  5  6  7  8  9 10 11 12 13 14 15 16 17 18 |
---------------+-------------------------------------------------------+-----
Slings         | 6 7 9 12 13 14 15 | 15.4
Shields        | 1 2 3 4 5 6 7 9 10 | 10.6
Fighting       | 2 3 5 6 7 8 10 | 10.2
Armour         | 1 2 3 5 6 7 9 10 | 10.4
Stealth        | 2 3 4 5 6 8 9 10 | 10.0
Dodging        | 3 4 5 6 7 9 10 | 10.4
Invocations    | 1 2 3 5 9 10 | 10.0
Evocations     | 3 5 6 9 10 | 10.0
Short Blades   | 4 7 9 10 | 10.0
Translocations | 2 5 6 7 |  7.0
Charms         | 3 5 6 7 |  7.0
Air Magic      | 2 5 6 7 |  7.0
Summonings     | 2 4 6 7 |  7.0
Spellcasting   | 2 4 5 6 |  6.9
Necromancy     | 3 |  3.1

Action                   |  1- 3 |  4- 6 |  7- 9 | 10-12 | 13-15 | 16-18 || total
-------------------------+-------+-------+-------+-------+-------+-------++-------
Melee: Whip              |    66 |   110 |   350 |    73 |       |       ||   599
       Dagger            |       |       |       |       |    69 |   129 ||   198
       Short sword       |       |       |       |       |     3 |       ||     3
       Quick blade       |       |       |       |       |       |    33 ||    33
 Fire: Hunting sling     |    13 |    19 |    29 |  1017 |    50 |       ||  1128
       Fustibalus        |       |       |       |       |  1486 |  1954 ||  3440
Throw: Throwing net      |       |       |       |       |     2 |       ||     2
 Cast: Blink             |       |       |       |       |       |     1 ||     1
       Animate Skeleton  |       |       |       |       |       |     1 ||     1
       Swiftness         |       |       |       |       |       |     1 ||     1
Invok: Heroism           |       |       |     1 |     7 |    11 |    15 ||    34
       Finesse           |       |       |       |     1 |     6 |     3 ||    10
 Abil: Evoke Invisibilit |       |       |       |       |       |     9 ||     9
       Stop Flying       |       |       |       |       |       |     1 ||     1
       Evoke Flight      |       |       |       |       |       |     1 ||     1
Evoke: Wand              |       |       |       |       |     8 |    11 ||    19
       Phial of floods   |       |       |       |       |     1 |       ||     1
  Use: Scroll            |     2 |       |    15 |     9 |    11 |    13 ||    50
       Potion            |       |       |     1 |       |     1 |    13 ||    15
 Stab: Sleeping          |     4 |       |     2 |       |     1 |     4 ||    11
       Invisible         |       |       |       |       |       |    26 ||    26
       Paralysed         |       |       |       |       |       |     1 ||     1
       Held in net/web   |       |       |       |       |       |     1 ||     1
  Eat: Chunk             |       |     3 |    11 |    19 |    30 |    23 ||    86
       Ration            |       |       |       |       |     2 |     8 ||    10
Armor: Leather armour    |    12 |       |       |       |       |       ||    12
       Scale mail        |       |    38 |   164 |   105 |   124 |   320 ||   751
       Plate armour      |       |       |       |       |       |   121 ||   121
Dodge: Dodged            |    51 |    49 |   212 |   278 |   346 |   808 ||  1744
Block: Buckler           |    24 |    27 |   123 |   153 |   156 |   337 ||   820
       Kite shield       |       |       |       |       |       |   267 ||   267
       Reflection        |       |       |       |       |       |    25 ||    25

Table legend:
 A = Non-vault XP
 B = Vault XP
 C = Vault XP percentage of total XP
 D = Non-vault monster count
 E = Vault monster count
 F = Vault count percentage of total count
                 A         B        C        D         E       F
            +---------+---------+-------+---------+---------+-------
      Total |  166416 |   96261 |  36.6 |     764 |     295 |  27.9
            +---------+---------+-------+---------+---------+-------
        D:1 |      50 |       0 |   0.0 |      24 |       0 |   0.0
        D:2 |      94 |      38 |  28.8 |      14 |       2 |  12.5
        D:3 |     168 |     227 |  57.5 |      33 |       1 |   2.9
        D:4 |     209 |     696 |  76.9 |      12 |       8 |  40.0
        D:5 |     279 |       0 |   0.0 |       5 |       0 |   0.0
        D:6 |    1760 |    1257 |  41.7 |      41 |       3 |   6.8
        D:7 |     772 |    1039 |  57.4 |      10 |       1 |   9.1
        D:8 |     909 |    2149 |  70.3 |      15 |      24 |  61.5
        D:9 |    2490 |       0 |   0.0 |      25 |       0 |   0.0
       D:10 |    1846 |    3692 |  66.7 |      17 |      54 |  76.1
       D:11 |    2314 |    2496 |  51.9 |      25 |      24 |  49.0
       D:12 |    4530 |    8301 |  64.7 |      33 |       8 |  19.5
       D:13 |    7381 |    6261 |  45.9 |      32 |      15 |  31.9
       D:14 |   17001 |    4701 |  21.7 |      54 |      10 |  15.6
       D:15 |   12141 |    3386 |  21.8 |      40 |       7 |  14.9
     Lair:1 |    3424 |     245 |   6.7 |      17 |       2 |  10.5
     Lair:2 |    8384 |    2573 |  23.5 |      19 |       4 |  17.4
     Lair:3 |    5231 |    1227 |  19.0 |      20 |       9 |  31.0
     Lair:4 |    5420 |    5933 |  52.3 |      26 |       7 |  21.2
     Lair:5 |    5865 |    3455 |  37.1 |      25 |       4 |  13.8
     Lair:6 |   13485 |    8971 |  39.9 |      40 |      20 |  33.3
   Shoals:1 |    6998 |       0 |   0.0 |      12 |       0 |   0.0
   Shoals:2 |   10483 |    6419 |  38.0 |      23 |       3 |  11.5
   Shoals:3 |    4526 |   10667 |  70.2 |      11 |      14 |  56.0
   Spider:1 |    7658 |       0 |   0.0 |      24 |       0 |   0.0
   Spider:2 |    8376 |    3494 |  29.4 |      26 |       1 |   3.7
   Spider:3 |   19901 |       0 |   0.0 |      46 |       0 |   0.0
   Spider:4 |    8594 |    2608 |  23.3 |      28 |       5 |  15.2
      Orc:1 |    4052 |     564 |  12.2 |      38 |       1 |   2.6
      Orc:2 |    2075 |   15862 |  88.4 |      29 |      68 |  70.1
            +---------+---------+-------+---------+---------+-------
